 Dungeon Sprint DCSS version 0.24.0-41-g2ae2f7f1be (webtiles) character file.

Game seed: 15438636927784966888, levelgen mode: deterministic

539 FessEmpty the Fighter (level 7, -3/76 HPs)
             Began as a Gargoyle Berserker on Dec 14, 2019.
             Was a Believer of Trog.
             Slain by an orange demon (9 damage)
             ... summoned by a kobold demonologist
             ... in the Dungeon (Sprint I: "Red Sonja").
             The game lasted 00:02:15 (611 turns).

FessEmpty the Fighter (Gargoyle Berserker)           Turns: 611, Time: 00:02:16

Health: -3/76      AC: 11    Str: 28    XL:     7   Next: 26%
Magic:  7/7        EV: 14    Int:  7    God:    Trog [**....]
Gold:   216        SH:  0    Dex:  9    Spells: 6/6 levels left

rFire    . . .     SeeInvis .   a - +0 mace
rCold    . . .     Gourm    .   (no shield)
rNeg     + . .     Faith    .   k - +0 ring mail
rPois    ∞         Spirit   .   (no helmet)
rElec    +         Reflect  .   (no cloak)
rCorr    .         Harm     .   (no gloves)
MR       .....     NoTele   +   (no boots)
Stlth    ..........             (no amulet)
HPRegen  0.22/turn              (no ring)
MPRegen  0.10/turn              (no ring)

@: berserking (expiring), slowed
A: negative energy resistance 1, electricity resistance, unbreathing,
petrification resistance, rot immunity, AC +4
a: Berserk, Trog's Hand, Renounce Religion


You were in the Dungeon.
You worshipped Trog.
Trog was pleased with you.
You were hungry.

You visited 1 branch You collected 216 gold pieces.

Inventory:

Hand Weapons
 a - a +0 mace (weapon)
Armour
 k - a +0 ring mail (worn)
Wands
 j - a wand of polymorph (5)
Scrolls
 i - a scroll of blinking
Potions
 d - a potion of curing
 e - a potion of heal wounds
 f - a potion of haste
 g - 2 potions of magic
 h - a potion of berserk rage


   Skills:
 + Level 9.0 Fighting
 + Level 8.2 Maces & Flails
 + Level 8.6 Armour
 + Level 6.5 Dodging


You had 6 spell levels left.
You didn't know any spells.
Your spell library was empty.

Dungeon Overview and Level Annotations

Branches:
Dungeon (1/1)

Altars:
Makhleb
Xom
Jiyva
Lugonu


Innate Abilities, Weirdness & Mutations

You are resistant to torment.
Your stone body is resilient. (AC +4)
You are immune to poison.
You resist negative energy. (rN+)
You are resistant to electric shocks. (rElec)
You can survive without breathing.
You are immune to petrification.
You are immune to rotting.


Message History

You feel a strong urge to attack something.
You start resting.
You are no longer berserk.
You are exhausted.
You feel yourself slow down.
You start resting.
You feel yourself speed up.
You start resting.
You recover from your berserk rage.
You start resting.
HP restored.
You start removing your armour.
You continue taking off your +0 animal skin. x4
You finish taking off your +0 animal skin.
You start putting on your armour.
You continue putting on your +0 ring mail. x5
You finish putting on your +0 ring mail.
Drop what? 11/52 slots (_ for help) (? for menu, Esc to quit)
You drop a +0 animal skin.
As you open the door, it creaks loudly!
Sigmund the Dreaded comes into view.
He is wielding a +0 scythe.
Sigmund shouts!
A red film seems to cover your vision as you go berserk!
You feel yourself moving faster!
You feel mighty!
You are feeling very hungry.
Sigmund misses you.
You feel a strong urge to attack something.
There is an open door here.
You thump Sigmund!
Sigmund is moderately wounded.
Sigmund closely misses you.
You sock Sigmund!
Sigmund is severely wounded.
You thump Sigmund!
You kill Sigmund!
Trog accepts your kill.
You can now call upon Trog for regeneration and magic resistance.
Trog appreciates your killing of a magic user.
Your Fighting skill increases to level 7!
Your Maces & Flails skill increases to level 6!
Your Armour skill gained 2 levels and is now at level 7!
Your Dodging skill increases to level 5!
You have reached level 5!
You have reached level 6!
Your experience leads to an increase in your attributes!
Your base attributes are Str 22, Int 7, Dex 9.
Increase (S)trength, (I)ntelligence, or (D)exterity?
You feel stronger.
You feel a strong urge to attack something.
You start waiting.
You feel your anger nearly subside.
You are no longer berserk.
You pass out from exhaustion.
You feel yourself slow down.
You can move again.
You start waiting.
You feel yourself speed up.
You start waiting.
You recover from your berserk rage.
You open the door.
There is an open door here.
You now have 27 gold pieces.
You now have 54 gold pieces (gained 27).
You now have 81 gold pieces (gained 27).
You now have 108 gold pieces (gained 27).
There is an open door here.
You open the door.
A slime creature comes into view.
The slime creature quivers.
The slime creature fails to trigger a net trap.
Found four altars.
A red film seems to cover your vision as you go berserk!
You feel yourself moving faster!
You feel mighty!
You are starving!
You sock the slime creature!
The slime creature is lightly wounded.
The slime creature hits you.
You barely miss the slime creature.
The slime creature is lightly wounded.
The slime creature barely misses you.
You thump the slime creature!
The slime creature is moderately wounded.
The slime creature closely misses you.
You sock the slime creature!
The slime creature is heavily wounded.
You completely miss the slime creature.
The slime creature is heavily wounded.
The slime creature barely misses you.
You sock the slime creature!
The slime creature is severely wounded.
The slime creature hits you.
You barely miss the slime creature.
The slime creature is severely wounded.
The slime creature hits you.
You barely miss the slime creature.
The slime creature is severely wounded.
You sock the slime creature!
The slime creature is severely wounded.
The slime creature completely misses you.
You hit the slime creature.
The slime creature is almost dead.
The slime creature completely misses you.
You sock the slime creature!
The slime creature is almost dead.
The slime creature hits you!
You hit the slime creature but do no damage.
The slime creature is almost dead.
You are too hungry to fight recklessly!
You are too hungry to fight recklessly!
You sock the slime creature!
You kill the slime creature!
Trog accepts your kill.
Your Fighting skill increases to level 8!
Your Maces & Flails skill increases to level 7!
Your Armour skill increases to level 8!
Your Dodging skill increases to level 6!
You have reached level 7!
You're too hungry to rest.
You're too hungry to rest.
You're too hungry to rest.
You're too hungry to rest.
You eat the ration.
That ration really hit the spot!
You start resting.
You feel a strong urge to attack something.
You start resting.
You are no longer berserk.
You are exhausted.
You feel yourself slow down.
You start resting.
You feel yourself speed up.
You start resting.
You recover from your berserk rage.
There is an open door here.
There is a viscous altar of Jiyva here.
You start resting.
HP restored.
There is an open door here.
There is a viscous altar of Jiyva here.
You open the door.
There is an open door here.
You now have 135 gold pieces (gained 27).
You now have 162 gold pieces (gained 27).
You now have 189 gold pieces (gained 27).
You now have 216 gold pieces (gained 27).
As you open the door, it creaks loudly!
A kobold demonologist comes into view. It is wielding a +0 dagger.
You hear a shout!
The kobold demonologist casts a spell.
A floating eye and a kobold demonologist come into view.
The kobold demonologist shouts!
The kobold demonologist casts a spell.
The chaos spawn gores you but does no damage.
There is an open door here.
A red film seems to cover your vision as you go berserk!
You feel yourself moving faster!
You feel mighty!
You are feeling hungry.
The kobold demonologist gestures wildly while chanting.
The kobold demonologist casts a spell.
The shadow imp spits at you. The chaos spawn hits you.
You feel yourself slow down.
You thump the floating eye!
The floating eye is heavily wounded.
The kobold demonologist mumbles some strange words.
The floating eye's stare focuses on you.
The chaos spawn hits you!
You are engulfed in flames!
The orange demon stings you from afar!
You hit the floating eye.
The floating eye is almost dead.
The chaos spawn barely misses you. The orange demon barely misses you.
You hit the floating eye.
You kill the floating eye!
Trog accepts your kill.
Your Fighting skill increases to level 9!
Your Maces & Flails skill increases to level 8!
The chaos spawn closely misses you.
The orange demon stings you but does no damage.
You thump the kobold demonologist!
The kobold demonologist is moderately wounded.
The kobold demonologist barely misses you.
The orange demon stings you but does no damage.
The chaos spawn barely misses you.
You thump the kobold demonologist!
The kobold demonologist is severely wounded.
The kobold demonologist casts a spell.
The orange demon stings you from afar! The chaos spawn gores you.
You are engulfed in flames!
You closely miss the kobold demonologist.
The kobold demonologist is severely wounded.
The kobold demonologist hits you but does no damage.
The orange demon barely misses you. The chaos spawn gores you!
* * * LOW HITPOINT WARNING * * *
The chaos spawn freezes you!
* * * LOW HITPOINT WARNING * * *
The red devil hops backward while attacking.
The red devil closely misses you.
You hit the kobold demonologist.
The kobold demonologist is severely wounded.
The orange demon stings you but does no damage.
The kobold demonologist looks braver for a moment.
The orange demon stings you from afar!
You die...

#####################
.').#..'..#__#4.@44K#
.#[.').#..'^.'..#K45#
###+#####+#__####55.+
#### ####


You could see 2 orange demons, 2 kobold demonologists, a chaos spawn, a red
devil, 2 white imps and a shadow imp.

Vanquished Creatures
  A slime creature (D)
  Sigmund (D)
  A floating eye (D)
  An ogre (D)
  Ijyb (D)
5 creatures vanquished.

Notes
Turn   | Place    | Note
-------+----------+-------------------------------------------
     0 | D        | FessEmpty the Gargoyle Berserker began the quest for the
                  | Orb.
     0 | D        | Reached XP level 1. HP: 14/14 MP: 1/1
     1 | D        | Noticed Ijyb
    25 | D        | Killed Ijyb
    25 | D        | Reached skill level 4 in Fighting
    25 | D        | Reached XP level 2. HP: 10/20 MP: 2/2
    25 | D        | Reached XP level 3. HP: 12/24 MP: 3/3
   209 | D        | Noticed an ogre
   216 | D        | Killed an ogre
   216 | D        | Reached skill level 6 in Fighting
   216 | D        | Reached skill level 5 in Maces & Flails
   216 | D        | Reached skill level 5 in Armour
   216 | D        | Reached XP level 4. HP: 21/32 MP: 4/4
   394 | D        | Noticed Sigmund
   399 | D        | Killed Sigmund
   399 | D        | Reached ** piety under Trog
   399 | D        | Reached skill level 7 in Fighting
   399 | D        | Reached skill level 5 in Dodging
   399 | D        | Reached XP level 5. HP: 38/38 MP: 5/5
   399 | D        | Reached XP level 6. HP: 44/44 MP: 6/6
   445 | D        | Found a burning altar of Makhleb.
   445 | D        | Found a viscous altar of Jiyva.
   445 | D        | Found a shimmering altar of Xom.
   445 | D        | Found a corrupted altar of Lugonu.
   445 | D        | Noticed a slime creature
   459 | D        | Killed a slime creature
   459 | D        | Reached skill level 8 in Fighting
   459 | D        | Reached XP level 7. HP: 40/50 MP: 7/7
   602 | D        | Noticed a kobold demonologist
   603 | D        | Noticed a chaos spawn
   603 | D        | Noticed a kobold demonologist
   605 | D        | Noticed an orange demon
   606 | D        | Noticed an orange demon
   607 | D        | Reached skill level 9 in Fighting
   610 | D        | Noticed a red devil
   611 | D        | Slain by an orange demon

Levels and vault maps discovered:
D:        dungeon_sprint_1 [red_sonja_temple_1, red_sonja_temple_small_1]

Skill      XL: |  1  2  3  4  5  6  7 |
---------------+----------------------+-----
Fighting       | 4 6 7 8 9 |  9.0
Maces & Flails | 4 5 6 7 8 |  8.2
Armour         | 3 5 7 8 |  8.6
Dodging        | 2 4 5 6 |  6.5

Action                   |  1- 3 |  4- 6 |  7- 9 || total
-------------------------+-------+-------+-------++-------
Melee: Unarmed           |    16 |       |       ||    16
       Mace              |    12 |    16 |     7 ||    35
Invok: Berserk           |     2 |     2 |     1 ||     5
  Eat: Ration            |       |       |     1 ||     1
Armor: Ring mail         |       |       |     4 ||     4
Dodge: Dodged            |    11 |     7 |     7 ||    25
